 Dungeon Crawl Stone Soup version 0.18-a0-721-g8fc53f4 (webtiles) character file.

89 M4edhros the Sneak (level 4, 0/28 HPs)
             Began as an Octopode Artificer on Dec 8, 2015.
             Succumbed to an adder's poison
             ... on level 3 of the Dungeon.
             The game lasted 00:02:05 (1319 turns).

M4edhros the Sneak (Octopode Artificer)             Turns: 1319, Time: 00:02:05

Health: 0/28       AC:  1    Str: 10    XL:     4   Next: 55%
Magic:  7/7        EV: 12    Int: 20    God:
Gold:   129        SH:  0    Dex: 12    Spells: 0 memorised, 3 levels left

rFire  . . .     SeeInvis .     n - +0 hunting sling (curse)
rCold  . . .     Clarity  .     (no shield)
rNeg   . . .     SustAt   .     (helmet restricted)
rPois  .         Gourm    .     (no amulet)
rElec  .         Spirit   .     (no ring)
rCorr  .         Dismiss  .     (no ring)
rMut   .         Stasis   .     (no ring)
MR     .....                    (no ring)
Stlth  ++++......               (no ring)
                                (no ring)
                                (no ring)
                                (no ring)

@: brilliant, lethally poisoned (0 -> -5), not resistant to hostile
enchantments, stealthy
A: almost no armour, amphibious, 8 rings, constrict 8, camouflage 1, gelatinous
body 1
a: no special abilities


You were on level 3 of the Dungeon.
You were not hungry.

You visited 1 branch of the dungeon, and saw 3 of its levels.

You collected 129 gold pieces.

Inventory:

Hand Weapons
 a - a +0 short sword
 l - a +2 dagger of protection
 n - a cursed +0 hunting sling (weapon)
Missiles
 j - 36 stones (quivered)
 o - 8 curare-tipped needles
Wands
 b - a wand of flame (14)
 c - a wand of enslavement (24)
 d - a wand of random effects (15)
Scrolls
 p - a scroll of remove curse {unknown}
Potions
 g - a potion of curing {unknown}
 h - a potion of ambrosia {unknown}
 i - a potion of haste {unknown}
 k - a potion of magic {unknown}
 m - a potion of poison {unknown}
Comestibles
 e - 2 bread rations


   Skills:
 - Level 1.0 Fighting
 - Level 1.0 Short Blades
 * Level 0.4 Slings
 + Level 2.0 Dodging
 + Level 4.5 Stealth
 + Level 4.4 Evocations


You had 3 spell levels left.
You didn't know any spells.

Dungeon Overview and Level Annotations

Branches:
Dungeon (3/15)

Altars:

Annotations:
D:3 Alethiolet's ghost, amateur GrCK


Innate Abilities, Weirdness & Mutations

You cannot wear most types of armour.
You are amphibious.
You can wear up to eight rings at the same time.
You can use your tentacles to constrict eight enemies at once.
Your skin changes colour to match your surroundings (Stealth).
Your rubbery body absorbs attacks (AC +1).


Message History

The adder bites you.
* * * LOW HITPOINT WARNING * * *
You are poisoned.
The adder poisons you! The adder misses you.
Drink which item? (? for menu, Esc to quit)
Okay, then.
Evoke which item? (* to show all) (? for menu, Esc to quit)
Zapping:
b - a wand of flame (15)
Press: ? - help, Shift-Dir - straight line, f/p - adder
Aim: an adder (moderately wounded)
The puff of flame hits the adder.
The adder is heavily wounded.
This wand has 14 charges left.
* * * LOW HITPOINT WARNING * * *
You feel sick. The adder bites you.
* * * LOW HITPOINT WARNING * * *
Drink which item? (? for menu, Esc to quit)
It was a potion of brilliance.
You feel clever all of a sudden.
You die...

##### ######
#.@.# #.....
#S#.########
#.####
#.#........#
#.#
#(########.#
#.# #. #.#
#.# (. #.#
#.# ## #.#
#.# #.# #.#
#)###.#


You could see an adder.

Vanquished Creatures
  Jessica (D:2)
  Natasha (D:2)
  An adder (D:2)
  2 worms
  A giant gecko (D:1)
  5 bats
  4 goblins
  A hobgoblin (D:2)
  A quokka (D:3)
  3 giant newts
  3 kobolds
  4 rats
27 creatures vanquished.

Notes
Turn   | Place    | Note
--------------------------------------------------------------
     0 | D:1      | M4edhros the Octopode Artificer began the quest for the Orb.
     0 | D:1      | Reached XP level 1. HP: 13/13 MP: 3/3
   256 | D:1      | Reached XP level 2. HP: 18/18 MP: 4/4
   583 | D:2      | Noticed Jessica
   589 | D:2      | Killed Jessica
   589 | D:2      | Reached skill level 4 in Evocations
   589 | D:2      | Reached XP level 3. HP: 19/23 MP: 4/6
   681 | D:3      | Noticed Alethiolet's ghost (amateur GrCK)
   961 | D:2      | Noticed Natasha
   964 | D:2      | Killed Natasha
   964 | D:2      | Reached XP level 4. HP: 28/28 MP: 7/7
  1123 | D:3      | Found a faded altar to an unknown god.
  1318 | D:3      | HP: 1/28 [adder (5)]
  1319 | D:3      | Succumbed to an adder's poison

Vault maps used:
D:1:      dpeg_arrival_long_road, minmay_shallow_snake_nest
D:2:      kennysheep_goblin_castle, first_bread, uniq_jessica, uniq_natasha
D:3:      ecumenical_altar_1, corexii_hall_statues_i

Action                   |  1- 3 |  4- 6 || total
-------------------------+-------+-------++-------
Melee: Short sword       |    15 |       ||    15
       Dagger            |    10 |       ||    10
       Hunting sling     |       |     5 ||     5
 Fire: Hunting sling     |     4 |    44 ||    48
Evoke: Wand              |       |     1 ||     1
  Use: Scroll            |     2 |       ||     2
       Potion            |       |     1 ||     1
 Stab: Sleeping          |     9 |       ||     9
  Eat: Chunk             |       |     1 ||     1
